TOP OF THE 1ST |
---|
Salem Sledgehammers batting - Pitching for Surrey Sinners : LHP José Morales | Pitching: LHP José Morales | | Batting: RHB Randall Luna | 0-0: Fly out, F6 (Line Drive, 6) | Batting: RHB Rickey Núńez | 0-0: Ground out U3 (Groundball, 34) | Batting: RHB José González | 0-0: Called Strike 0-1: Fly out, F5 (Popup, 56) | Top of the 1st over - 0 runs, 0 hits, 0 errors, 0 left on base; Salem 0 - Surrey 0 | BOTTOM OF THE 1ST |
---|
Surrey Sinners batting - Pitching for Salem Sledgehammers : RHP Claude Cunningham | Pitching: RHP Claude Cunningham | | Batting: LHB Ugo Béland | 0-0: Swinging Strike 0-1: Ball 1-1: Ball 2-1: Foul Ball, location: 2F 2-2: Ground out 4-3 (Groundball, 4) | Batting: RHB Robert Sipple | 0-0: Called Strike 0-1: Foul Ball, location: 2F 0-2: Ball 1-2: Ball 2-2: Strikes out looking | Batting: LHB Joe Spears | 0-0: Ball 1-0: Fly out, F6 (Popup, 6M) | Bottom of the 1st over - 0 runs, 0 hits, 0 errors, 0 left on base; Salem 0 - Surrey 0 | TOP OF THE 2ND |
---|
Salem Sledgehammers batting - Pitching for Surrey Sinners : LHP José Morales | Batting: RHB Rich Crabtree | 0-0: Ball 1-0: Ground out 5-3 (Groundball, 56S) | Batting: RHB Adam Davis | 0-0: SINGLE (Flyball, 78M) | Batting: LHB José Rivas | 0-0: Ball 1-0: Ground out 6-3 (Groundball, 6S) Adam Davis to second | Batting: RHB Roberto Landavazo | 0-0: Swinging Strike 0-1: Foul Ball, location: 2F 0-2: Ball 1-2: Strikes out swinging | Top of the 2nd over - 0 runs, 1 hit, 0 errors, 1 left on base; Salem 0 - Surrey 0 | BOTTOM OF THE 2ND |
---|
Surrey Sinners batting - Pitching for Salem Sledgehammers : RHP Claude Cunningham | Batting: LHB Robert Mann | 0-0: Ball 1-0: Ball 2-0: Called Strike 2-1: Called Strike 2-2: Strikes out swinging | Batting: RHB Francisco Martínez | 0-0: Ball 1-0: Ball 2-0: Foul Ball, location: 2F 2-1: SINGLE (Line Drive, 9LS) | Batting: RHB Jorge Barrios | 0-0: Ball 1-0: Foul Ball, location: 2F 1-1: Ball 2-1: Ground out 6-3 (Groundball, 6MS) Francisco Martínez to second | Batting: RHB Nelson Martínez | 0-0: Ball 1-0: Called Strike 1-1: Ball 2-1: Fly out, F9 (Flyball, 9S) | Bottom of the 2nd over - 0 runs, 1 hit, 0 errors, 1 left on base; Salem 0 - Surrey 0 | TOP OF THE 3RD |
---|
Salem Sledgehammers batting - Pitching for Surrey Sinners : LHP José Morales | Batting: LHB Juan Ortíz | 0-0: Called Strike 0-1: Ball 1-1: SINGLE (Groundball, 4D) | Batting: SHB Manuel Jiménez | 0-0: Grounds into double play, 5-4-3 (Groundball, 56) | Batting: RHB Randall Luna | 0-0: DOUBLE (Groundball, 5L) | Batting: RHB Rickey Núńez | 0-0: Called Strike 0-1: Called Strike 0-2: Ground out 6-3 (Groundball, 6) | Top of the 3rd over - 0 runs, 2 hits, 0 errors, 1 left on base; Salem 0 - Surrey 0 | BOTTOM OF THE 3RD |
---|
Surrey Sinners batting - Pitching for Salem Sledgehammers : RHP Claude Cunningham | Batting: RHB Don Jackson | 0-0: Fly out, F9 (Flyball, 9) | Batting: RHB Jeff Buck | 0-0: SOLO HOME RUN (Flyball, 78XD), Distance : 415 ft | Batting: LHB Ugo Béland | 0-0: Called Strike 0-1: Fly out, F6 (Line Drive, 6) | Batting: RHB Robert Sipple | 0-0: Called Strike 0-1: Ball 1-1: Ball 2-1: Foul Ball, location: 2F 2-2: SINGLE (Line Drive, 78M) | Batting: LHB Joe Spears | 0-0: Ball 1-0: Called Strike Robert Sipple steals 2nd base 1-1: Called Strike 1-2: Foul Ball, location: 2F 1-2: Ball 2-2: Ball 3-2: Fly out, F7 (Flyball, 7) | Bottom of the 3rd over - 1 run, 2 hits, 0 errors, 1 left on base; Salem 0 - Surrey 1 | TOP OF THE 4TH |
---|
Salem Sledgehammers batting - Pitching for Surrey Sinners : LHP José Morales | Batting: RHB José González | 0-0: Ball 1-0: Called Strike 1-1: Ball 2-1: Foul Ball, location: 2F 2-2: Foul Ball, location: 2F 2-2: Ball 3-2: Base on Balls | Batting: RHB Rich Crabtree | 0-0: Ball 1-0: Foul Ball, location: 2F 1-1: Ball 2-1: Foul Ball, location: 2F 2-2: Strikes out swinging | Batting: RHB Adam Davis | 0-0: Ball 1-0: Foul Ball, location: 2F 1-1: Ball José González steals 2nd base 2-1: Fly out, F8 (Flyball, 89S) | Now in CF: Carlos Hernández | | Batting: LHB José Rivas | 0-0: Swinging Strike 0-1: Ball 1-1: Swinging Strike 1-2: Strikes out swinging | Top of the 4th over - 0 runs, 0 hits, 0 errors, 1 left on base; Salem 0 - Surrey 1 | BOTTOM OF THE 4TH |
---|
Surrey Sinners batting - Pitching for Salem Sledgehammers : RHP Claude Cunningham | Batting: LHB Robert Mann | 0-0: Ball 1-0: Called Strike 1-1: Fly out, F8 (Flyball, 8LXD) | Batting: RHB Francisco Martínez | 0-0: Called Strike 0-1: Ground out 5-3 (Groundball, 56) | Batting: RHB Jorge Barrios | 0-0: Called Strike 0-1: Fly out, F8 (Flyball, 8LS) | Bottom of the 4th over - 0 runs, 0 hits, 0 errors, 0 left on base; Salem 0 - Surrey 1 | TOP OF THE 5TH |
---|
Salem Sledgehammers batting - Pitching for Surrey Sinners : LHP José Morales | Batting: RHB Roberto Landavazo | 0-0: Ball 1-0: Foul Ball, location: 2F 1-1: Ball 2-1: Ball 3-1: Base on Balls | Batting: LHB Juan Ortíz | 0-0: Ball 1-0: Grounds into double play, 4-6-3 (Groundball, 4) | Batting: SHB Manuel Jiménez | 0-0: Called Strike 0-1: Ball 1-1: Ball 2-1: Foul Ball, location: 2F 2-2: Foul Ball, location: 2F 2-2: Foul Ball, location: 2F 2-2: Foul Ball, location: 2F 2-2: Strikes out swinging | Top of the 5th over - 0 runs, 0 hits, 0 errors, 0 left on base; Salem 0 - Surrey 1 | BOTTOM OF THE 5TH |
---|
Surrey Sinners batting - Pitching for Salem Sledgehammers : RHP Claude Cunningham | Batting: RHB Nelson Martínez | 0-0: Foul Ball, location: 2F 0-1: Ball 1-1: Foul Ball, location: 2F 1-2: SINGLE (Flyball, 9LM) | Batting: LHB Carlos Hernández | 0-0: Ground out U3 (Groundball, 34S) Nelson Martínez to second | Batting: RHB Jeff Buck | 0-0: Called Strike 0-1: Swinging Strike 0-2: Ball 1-2: Foul Ball, location: 2F 1-2: Strikes out swinging | Batting: LHB Ugo Béland | 0-0: Intentional Walk | Batting: RHB Robert Sipple | 0-0: SINGLE (Flyball, 89S) Nelson Martínez to third Ugo Béland to second Runner from 3rd tries for Home, SAFE, no throw | Batting: LHB Joe Spears | 0-0: Foul Ball, location: 2F 0-1: Swinging Strike 0-2: Foul Ball, location: 2F 0-2: Ball 1-2: DOUBLE (Line Drive, 7LM) Ugo Béland scores Robert Sipple to third Runner from 3rd tries for Home, SAFE, no throw | Batting: LHB Robert Mann | 0-0: Intentional Walk | Pitching: RHP Luis Rosado | | Batting: RHB Francisco Martínez | 0-0: Foul Ball, location: 2F 0-1: Swinging Strike 0-2: Foul Ball, location: 2F 0-2: Ball 1-2: Ball 2-2: Strikes out swinging | Bottom of the 5th over - 3 runs, 3 hits, 0 errors, 2 left on base; Salem 0 - Surrey 4 | TOP OF THE 6TH |
---|
Salem Sledgehammers batting - Pitching for Surrey Sinners : LHP José Morales | Batting: RHB Randall Luna | 0-0: Fly out, F9 (Line Drive, 89D) | Batting: RHB Rickey Núńez | 0-0: Foul Ball, location: 2F 0-1: Foul Ball, location: 2F 0-2: Ball 1-2: Fly out, F7 (Flyball, 7D) | Batting: RHB José González | 0-0: Ball 1-0: Ball 2-0: Called Strike 2-1: Called Strike 2-2: Strikes out swinging | Top of the 6th over - 0 runs, 0 hits, 0 errors, 0 left on base; Salem 0 - Surrey 4 | BOTTOM OF THE 6TH |
---|
Surrey Sinners batting - Pitching for Salem Sledgehammers : RHP Luis Rosado | Batting: RHB Jorge Barrios | 0-0: Swinging Strike 0-1: Ball 1-1: Foul Ball, location: 2F 1-2: Ground out 6-3 (Groundball, 56) | Batting: RHB Nelson Martínez | 0-0: Ground out 4-3 (Groundball, 4) | Batting: LHB Carlos Hernández | 0-0: Ball 1-0: Ball 2-0: Foul Ball, location: 2F 2-1: Ball 3-1: Base on Balls | Batting: RHB Jeff Buck | 0-0: Called Strike 0-1: Ball Carlos Hernández steals 2nd base 1-1: Fly out, F4 (Line Drive, 4M) | Bottom of the 6th over - 0 runs, 0 hits, 0 errors, 1 left on base; Salem 0 - Surrey 4 | TOP OF THE 7TH |
---|
Salem Sledgehammers batting - Pitching for Surrey Sinners : LHP José Morales | Batting: RHB Rich Crabtree | 0-0: Ball 1-0: Ball 2-0: Ball 3-0: Swinging Strike 3-1: Called Strike 3-2: Base on Balls | Batting: RHB Adam Davis | 0-0: Fly out, F8 (Flyball, 89XD) | Batting: LHB José Rivas | 0-0: Swinging Strike 0-1: SINGLE (Groundball, 3D) Rich Crabtree to second Runner from 2nd tries for 3rd, SAFE, no throw | Pitching: RHP Mauro Martínez | | Batting: RHB Roberto Landavazo | 0-0: Swinging Strike 0-1: Ball 1-1: Ball 2-1: Foul Ball, location: 2F 2-2: Strikes out swinging | Batting: LHB Juan Ortíz | 0-0: Foul Ball, location: 2F 0-1: Ball 1-1: Ball 2-1: Ball 3-1: Swinging Strike 3-2: SINGLE (Groundball, 25) (infield hit) Rich Crabtree scores José Rivas to second | Batting: SHB Manuel Jiménez | 0-0: Foul Ball, location: 2F 0-1: Ball 1-1: Ball 2-1: Foul Ball, location: 2F 2-2: Ball 3-2: Foul Ball, location: 2F 3-2: Hit by Pitch José Rivas to third Juan Ortíz to second | Batting: RHB Randall Luna | 0-0: Ball 1-0: Called Strike 1-1: Ball 2-1: Foul Ball, location: 2F 2-2: Foul Ball, location: 2F 2-2: Ball 3-2: Base on Balls José Rivas scores Juan Ortíz to third Manuel Jiménez to second | Batting: RHB Rickey Núńez | 0-0: Ball 1-0: Called Strike 1-1: Fly out, F6 (Popup, 6MD) | Top of the 7th over - 2 runs, 2 hits, 0 errors, 3 left on base; Salem 2 - Surrey 4 | BOTTOM OF THE 7TH |
---|
Surrey Sinners batting - Pitching for Salem Sledgehammers : RHP Luis Rosado | Pitching: LHP John Dyer | | Batting: LHB Ugo Béland | 0-0: Swinging Strike 0-1: Ball 1-1: Ground out 4-3 (Groundball, 4) | Pitching: RHP Leslie Simpson | | Batting: RHB Robert Sipple | 0-0: Fly out, F8 (Line Drive, 8LD) | Batting: LHB Joe Spears | 0-0: Ground out 5-3 (Groundball, 56) | Bottom of the 7th over - 0 runs, 0 hits, 0 errors, 0 left on base; Salem 2 - Surrey 4 | TOP OF THE 8TH |
---|
Salem Sledgehammers batting - Pitching for Surrey Sinners : RHP Mauro Martínez | Batting: RHB José González | 0-0: Swinging Strike 0-1: Called Strike 0-2: Strikes out looking | Batting: RHB Rich Crabtree | 0-0: Ball 1-0: Foul Ball, location: 2F 1-1: Called Strike 1-2: Fly out, F7 (Flyball, 7LM) | Batting: RHB Adam Davis | 0-0: Called Strike 0-1: Ball 1-1: SOLO HOME RUN (Flyball, 7LD), Distance : 364 ft | Pitching: LHP Anthony Blackwell | | Batting: LHB José Rivas | 0-0: Foul Ball, location: 2F 0-1: Ball 1-1: Foul Ball, location: 2F 1-2: Ball 2-2: Foul Ball, location: 2F 2-2: Ball 3-2: Base on Balls | Batting: RHB Roberto Landavazo | 0-0: Ball 1-0: Ball 2-0: Foul Ball, location: 2F 2-1: Ground out U3 (Groundball, 3) | Top of the 8th over - 1 run, 1 hit, 0 errors, 1 left on base; Salem 3 - Surrey 4 | BOTTOM OF THE 8TH |
---|
Surrey Sinners batting - Pitching for Salem Sledgehammers : RHP Leslie Simpson | Batting: LHB Robert Mann | 0-0: Fly out, F9 (Line Drive, 9D) | Batting: RHB Francisco Martínez | 0-0: Called Strike 0-1: Reached on error, E6 (Groundball, 6) | Batting: RHB Jorge Barrios | 0-0: Called Strike Francisco Martínez steals 2nd base 0-1: Foul Ball, location: 2F 0-2: Ball 1-2: Ball 2-2: Ball 3-2: Intentional Walk | Pinch Hitting: RHB Christian Porter | 0-0: Ball 1-0: Fly out, F8 (Flyball, 89D) Runner from 2nd tags up, SAFE at 3rd, no throw | Batting: LHB Carlos Hernández | 0-0: Ball 1-0: Ball 2-0: Called Strike 2-1: Foul Ball, location: 2F 2-2: SINGLE (Line Drive, 8RS) Francisco Martínez scores Jorge Barrios to second Runner from 2nd tries for 3rd, SAFE, no throw | Batting: RHB Jeff Buck | 0-0: Ball 1-0: Swinging Strike 1-1: Fly out, F8 (Flyball, 8RM) | Bottom of the 8th over - 1 run, 1 hit, 1 error, 2 left on base; Salem 3 - Surrey 5 | TOP OF THE 9TH |
---|
Salem Sledgehammers batting - Pitching for Surrey Sinners : LHP Anthony Blackwell | Pitching: RHP Chris Ryan | | Now in CF: Christian Porter | | Batting: LHB Juan Ortíz | 0-0: Called Strike 0-1: Foul Ball, location: 2F 0-2: Fly out, F9 (Flyball, 9S) | Batting: SHB Manuel Jiménez | 0-0: Ball 1-0: Swinging Strike 1-1: SINGLE (Line Drive, 4MD) | Batting: RHB Randall Luna | 0-0: Fly out, F9 (Line Drive, 9) | Batting: RHB Rickey Núńez | 0-0: Called Strike 0-1: Foul Ball, location: 2F 0-2: Ball 1-2: Fly out, F8 (Flyball, 8LM) | Top of the 9th over - 0 runs, 1 hit, 0 errors, 1 left on base; Salem 3 - Surrey 5 | |